 Dungeon Crawl Stone Soup version 0.27-a0-860-gaf99fae3ca (webtiles) character file.

Game seed: 7510704623384130527

6489 harryhousin the Basher (level 11, -2/69 HPs)
             Began as a Gargoyle Fighter on Apr 1, 2021.
             Was an Elder of Okawaru.
             Slain by a tentacled starspawn (16 damage)
             ... on level 1 of the Abyss on Apr 2, 2021.
             The game lasted 00:54:55 (10311 turns).

harryhousin the Basher (Gargoyle Fighter)          Turns: 10311, Time: 00:54:56

Health: -2/69      AC: 23    Str: 24    XL:     11   Next: 0%
Magic:  11/11      EV:  7    Int:  8    God:    Okawaru [****..]
Gold:   218        SH: 11    Dex:  9    Spells: 10/10 levels left

rFire    . . .     SeeInvis .   o - +4 flail
rCold    . . .     Faith    .   c - +0 kite shield
rNeg     + + .     Spirit   .   u - +0 chain mail
rPois    ∞         Reflect  .   m - +0 helmet
rElec    +         Harm     .   (no cloak)
rCorr    .         Rampage  .   l - +0 pair of gloves
Will     .....                  i - +0 pair of boots
Stlth    ..........             (no amulet)
HPRegen  0.21/turn              s - ring of positive energy
MPRegen  0.12/turn              (no ring)

@: attractive
A: AC +8, negative energy resistance 1, electricity resistance, torment
resistance 1, unbreathing 1, petrification resistance
a: Renounce Religion, Heroism


You were on level 1 of the Abyss.
You worshipped Okawaru.
Okawaru was greatly pleased with you.
You visited 2 branches of the dungeon, and saw 10 of its levels.
You visited the Abyss 1 time.
You also visited: Sewer.

You collected 548 gold pieces.
You spent 330 gold pieces at shops.

Inventory:

Hand Weapons
 o - a +4 flail (weapon)
Armour
 c - a +0 kite shield (worn)
 i - a +0 pair of boots (worn)
 l - a +0 pair of gloves (worn)
 m - a +0 helmet (worn)
 u - a +0 chain mail (worn)
Jewellery
 b - a ring of poison resistance
 s - a ring of positive energy (left hand)
 y - a ring of magical power
 D - a ring of flight
Wands
 a - a wand of flame (38)
 t - a wand of paralysis (13)
Scrolls
 e - a scroll of enchant armour {unknown}
 h - 3 scrolls of teleportation
 n - 3 scrolls of enchant weapon {unknown}
 p - a scroll of identify
 r - 3 scrolls of magic mapping {unknown}
 v - 4 scrolls of immolation
 x - 2 scrolls of amnesia {unknown}
 B - 2 scrolls of noise {unknown}
 C - a scroll of blinking {unknown}
 E - a scroll of torment {unknown}
 F - a scroll of brand weapon {unknown}
Potions
 d - a potion of invisibility {unknown}
 g - 2 potions of haste
 j - 3 potions of cancellation
 k - 4 potions of flight
 q - a potion of brilliance
 w - 5 potions of curing
 z - a potion of lignification
 A - a potion of mutation {unknown}
 G - a potion of degeneration {unknown}


   Skills:
 + Level 8.8 Fighting
 * Level 10.3 Maces & Flails
 + Level 8.8 Armour
 + Level 8.8 Shields


You had 10 spell levels left.
You didn't know any spells.
Your spell library contained the following spells:

 Spells                   Type           Power      Damage    Failure   Level
 Animate Skeleton         Necr           0%         N/A       99%         1
 Apportation              Tloc           0%         N/A       99%         1
 Corona                   Hex            0%         N/A       99%         1
 Summon Small Mammal      Summ           0%         N/A       99%         1


Dungeon Overview and Level Annotations

Branches:
Dungeon (9/15)             Temple (1/1) D:6           Sewer (visited)
   Lair: D:8-11         Orc: D:9-12

Altars:
Ashenzari
Cheibriados
Dithmenos
Elyvilon
Fedhas
Gozag
Kikubaaqudgha
Makhleb
Nemelex Xobeh
Okawaru
Qazlal
Ru
Sif Muna
Trog
Uskayaw
Vehumet
Wu Jian
Xom
Yredelemnul
Zin
The Shining One

Shops:
D:3 [   D:4 *   D:7 !

Annotations:
D:8 3 runed translucent doors, Dvallin's ghost, novice DjCj
D:9 Psyche


Innate Abilities, Weirdness & Mutations

Your stone body is resilient. (AC +8)
You are immune to poison.
You resist negative energy. (rN+)
You are resistant to electric shocks. (rElec)
You are resistant to unholy torment.
You can survive without breathing.
You are immune to petrification.


Message History

The worldbinder is severely damaged.
The wind drake flaps its wings at you. The air twists around and strikes you.
You hit the worldbinder.
The worldbinder is severely damaged.
You block the worldbinder's attack.
The worldbinder hits you but does no damage.
The merfolk siren chants its luring song.
Your shield and chain mail prevent you from hitting the worldbinder.
The worldbinder is severely damaged.
The wind drake bites you but does no damage.
You block the worldbinder's attack.
The worldbinder hits you but does no damage.
The merfolk siren chants its luring song.
You thump the worldbinder!
You destroy the worldbinder!
Okawaru is honoured by your kill.
The wind drake disappears in a puff of smoke!
You are no longer entranced.
The merfolk siren disappears in a puff of smoke!
You have reached level 11!
Found 13 gold pieces.
You start resting.
Your extra speed is starting to run out.
You start resting.
A large abomination comes into view.
Found 13 arrows.
You feel yourself slow down.
You are starting to lose your buoyancy.
You float gracefully downwards.
A tentacled starspawn comes into view.
You start resting.
A tentacled starspawn is nearby!
A tentacle flies out from the starspawn's body!
A starspawn tentacle comes into view.
A starspawn tentacle comes into view.
It was a potion of attraction.
You feel attractive to monsters. The tentacled starspawn bites you!
You die...

# ..# . ##. ##.#
. # ###. #.... #
# # .##...#..#.#
##.X ##.#....#..
.. #. #.....####
. .##..#.#..##
.# #..X#...## ..
# ###@....#. . .
. ## .
#....##.#... .
..#..#..#.##.#.#
#♣ ##
..##..###......#
. #. #...
.#....#. ...
.#.# . ..##..#..
# #.##.# ...# ..
. $.. ... #...
#. ...# # . . ##
# .#.# .


You could see a tentacled starspawn.

Vanquished Creatures
  Erica (D:9)
  A two-headed ogre (D:8)
  A worldbinder (Abyss:1)
  Prince Ribbit (D:9)
  12 yaks
  2 wyverns
  A steam dragon (D:8)
  Menkaure (D:4)
  An orc warrior (D:6)
  A sky beast (D:7)
  2 necrophages
  A small abomination (Abyss:1)
  An ogre (D:6)
  5 centaurs
  A kobold brigand (Sewer)
  A bullfrog (D:8)
  2 wyvern zombies
  2 scorpions
  A water moccasin skeleton (D:5)
  5 wights (D:7)
  2 centaur zombies
  2 orc priests (D:6)
  2 hounds
  3 jellies
  2 bullfrog skeletons
  5 iguanas
  An orc wizard (D:3)
  Terence (D:2)
  A scorpion zombie (D:3)
  A hound skeleton (D:4)
  2 howler monkey zombies (D:9)
  5 gnolls
  2 howler monkey skeletons
  4 adders
  2 dart slugs
  20 orcs
  6 ball pythons
  6 endoplasms
  5 giant cockroaches
  10 goblins
  13 hobgoblins
  23 jackals
  5 quokkas
  7 bats
  3 frilled lizards
  15 kobolds
  14 rats
205 creatures vanquished.

Vanquished Creatures (others)
  A bullfrog (D:9)
  A bush (D:5)
  A fungus (D:8)
  3 plants
  2 starspawn tentacles (Abyss:1)
8 creatures vanquished.

Grand Total: 213 creatures vanquished

Notes
Turn   | Place    | Note
-------+----------+-------------------------------------------
     0 | D:1      | harryhousin the Gargoyle Fighter began the quest for the
                  | Orb.
     0 | D:1      | Reached XP level 1. HP: 14/14 MP: 1/1
    37 | D:1      | Reached XP level 2. HP: 13/19 MP: 2/2
   562 | D:1      | Reached XP level 3. HP: 24/24 MP: 3/3
  1583 | D:2      | Reached XP level 4. HP: 29/29 MP: 4/4
  1983 | D:2      | Found a sparkling altar of Nemelex Xobeh.
  2423 | D:3      | Found Nomett's Armour Shop.
  2427 | D:3      | Noticed a necrophage
  2431 | D:3      | Bought a +0 pair of gloves for 45 gold pieces
  2431 | D:3      | Bought a +0 helmet for 45 gold pieces
  2459 | D:3      | Killed a necrophage
  2460 | D:3      | Reached skill level 3 in Maces & Flails
  2460 | D:3      | Reached XP level 5. HP: 29/34 MP: 5/5
  2576 | D:3      | Noticed Terence
  2619 | D:2      | Killed Terence
  2630 | D:3      | Reached XP level 6. HP: 29/39 MP: 6/6
  3536 | D:4      | Reached skill level 4 in Maces & Flails
  3741 | D:4      | Reached XP level 7. HP: 44/44 MP: 7/7
  3876 | D:3      | Reached skill level 5 in Fighting
  3876 | D:3      | Reached skill level 5 in Armour
  3876 | D:3      | Reached skill level 5 in Shields
  4019 | D:4      | Found Ohytou's Assorted Antiques.
  4025 | D:4      | Bought a sapphire ring for 105 gold pieces
  4133 | D:4      | Noticed Menkaure
  4148 | D:4      | Killed Menkaure
  4505 | D:4      | Bought a scroll of identify for 42 gold pieces
  4505 | D:4      | Bought a scroll labelled GYRASHRU NALAKH for 21 gold pieces
  4535 | D:5      | Entered Level 5 of the Dungeon
  4967 | D:5      | Reached skill level 5 in Maces & Flails
  5010 | D:5      | Found a shadowy altar of Dithmenos.
  5071 | D:5      | Found a glowing drain.
  5075 | Sewer    | Entered a sewer
  5078 | Sewer    | Reached XP level 8. HP: 50/50 MP: 8/8
  5207 | Sewer    | Found a white marble altar of Elyvilon.
  5330 | D:5      | Noticed a yak
  5331 | D:5      | Noticed a yak
  5331 | D:5      | Noticed a yak
  5331 | D:5      | Noticed a yak
  5332 | D:5      | Noticed a yak
  5332 | D:5      | Noticed a yak
  5366 | D:5      | Killed a yak
  5374 | D:5      | Killed a yak
  5375 | D:5      | Reached skill level 6 in Maces & Flails
  5378 | D:5      | Killed a yak
  5389 | D:5      | Killed a yak
  5393 | D:5      | Killed a yak
  5401 | D:5      | Killed a yak
  5402 | D:5      | Reached skill level 7 in Maces & Flails
  5402 | D:5      | Reached XP level 9. HP: 30/56 MP: 9/9
  6506 | D:6      | Found a staircase to the Ecumenical Temple.
  6532 | Temple   | Entered the Ecumenical Temple
  6564 | Temple   | Became a worshipper of Warmaster Okawaru
  6682 | D:6      | Upgraded the game from 0.27-a0-836-gfc908b8576 to
                  | 0.27-a0-860-gaf99fae3ca
  6880 | D:6      | Found a burning altar of Makhleb.
  6942 | D:6      | Found a glowing silver altar of Zin.
  6943 | D:6      | Noticed a balrug
  6943 | D:6      | Noticed an angel
  6977 | D:6      | Reached skill level 8 in Maces & Flails
  7352 | D:7      | Reached * piety under Okawaru
  7381 | D:7      | Reached XP level 10. HP: 27/64 MP: 10/10
  7602 | D:7      | Found a broken altar of Ashenzari.
  7799 | D:7      | Reached ** piety under Okawaru
  7800 | D:7      | Reached skill level 9 in Maces & Flails
  7838 | D:7      | Found Mikir's Distillery.
  7842 | D:7      | Bought a potion of flight for 36 gold pieces
  7842 | D:7      | Bought a potion of curing for 36 gold pieces
  8841 | D:8      | Found a runed translucent gate.
  8842 | D:8      | Found a runed translucent gate.
  8842 | D:8      | Found a runed translucent gate.
  8843 | D:8      | Noticed Dvallin's ghost (novice DjCj)
  8958 | D:8      | Noticed a two-headed ogre
  9339 | D:8      | Killed a two-headed ogre
  9772 | D:9      | Reached *** piety under Okawaru
  9805 | D:9      | Noticed Erica
  9806 | D:9      | Noticed Prince Ribbit
  9843 | D:9      | Killed Prince Ribbit
  9844 | D:9      | Killed Erica
  9845 | D:9      | Reached skill level 10 in Maces & Flails
 10083 | D:9      | Noticed Psyche
 10109 | D:9      | Found a radiant altar of Vehumet.
 10122 | D:9      | Cast into level 1 of the Abyss (Psyche)
 10212 | Abyss:1  | Noticed a worldbinder
 10217 | Abyss:1  | Noticed a merfolk siren
 10217 | Abyss:1  | Noticed a manticore
 10217 | Abyss:1  | Noticed a merfolk siren
 10224 | Abyss:1  | Noticed a merfolk siren
 10227 | Abyss:1  | Noticed a manticore
 10227 | Abyss:1  | Noticed a manticore
 10235 | Abyss:1  | Noticed a manticore
 10235 | Abyss:1  | Noticed a merfolk siren
 10239 | Abyss:1  | HP: 3/65 [barbs]
 10244 | Abyss:1  | HP: 2/65 [worldbinder (1)]
 10248 | Abyss:1  | Killed a worldbinder
 10248 | Abyss:1  | Reached **** piety under Okawaru
 10249 | Abyss:1  | Reached XP level 11. HP: 2/69 MP: 11/11
 10281 | Abyss:1  | Noticed a tentacled starspawn
 10311 | Abyss:1  | Slain by a tentacled starspawn

Illustrated notes

Levels and vault maps discovered:
D:1:      tarquinn_simple_flora_water_a, layout_basic
D:2:      layout_loops_ring, marbit_many_paths, serial_forest,
          infiniplex_forest_clump_long, infiniplex_forest_straight_1,
          infiniplex_forest_end_2, infiniplex_forest_clump_double,
          infiniplex_forest_lined_corner, infiniplex_forest_lined_room_3
D:3:      kennysheep_six_static_rooms, layout_basic, serial_shops,
          nicolae_shop_trees, uniq_terence
D:4:      layout_gridville, serial_shops, shop, uniq_menkaure
D:5:      corexii_shantytown, layout_gridville, grunt_dithmenos_smoke,
          gup_sewer_entry_bowl, kb_lookout_dungeons_type, minivault_11
D:6:      layout_basic, grunt_temple_overflow_order_and_chaos_2,
          minmay_temple_entry_glassed_door
D:7:      layout_basic, ashenzari_altar_1, serial_shops, nicolae_shop_trees
D:8:      layout_basic, dpeg_oklobed_lair, ebering_ghost_rock_garden
D:9:      layout_cave_pools, nzn_hepliaklqana_mist_gate, vehumet_altar_wand_db,
          uniq_psyche, uniq_prince_ribbit1, uniq_erica
Temple:   regret_index_temple_waves
Abyss:1:  base: D:1, base:
D:2

Skill      XL: |  1  2  3  4  5  6  7  8  9 10 |
---------------+-------------------------------+-----
Armour         | 4 5 6 7 8 |  8.8
Fighting       | 4 5 6 7 8 |  8.8
Maces & Flails | 3 4 5 7 8 10 | 10.3
Shields        | 4 5 6 7 8 |  8.8

Action                   |  1- 3 |  4- 6 |  7- 9 | 10-12 || total
-------------------------+-------+-------+-------+-------++-------
Melee: Flail             |   170 |   158 |   354 |   150 ||   832
       Unarmed           |       |       |       |     1 ||     1
  Use: Scroll            |       |       |     4 |     2 ||     6
       Potion            |       |       |     4 |     7 ||    11
Armor: Scale mail        |   125 |    97 |    31 |       ||   253
       Chain mail        |       |       |   197 |    87 ||   284
       Skin              |       |       |       |    28 ||    28
Dodge: Dodged            |    56 |    57 |    85 |    42 ||   240
Block: Kite shield       |   101 |   105 |   211 |    86 ||   503

Table legend: (Time is in decaauts)
 A = Elapsed time spent in this place.
 B = Non-inter-level travel time spent in this place.
 C = Inter-level travel time spent in this place.
 D = Time resting spent in this place.
 E = Time spent auto-exploring this place.
 F = Levels seen in this place.
 G = Mean time per level.
                   A        B        C        D        E       F      G
               +--------+--------+--------+--------+--------+-----+--------+
         Total |  10613 |  10200 |    413 |   2201 |   4070 |  12 |  884.4 |
       Dungeon |   9977 |   9634 |    343 |   2171 |   3937 |   9 | 1108.6 |
        Temple |    148 |     78 |     70 |      0 |     45 |   1 |  148.0 |
         Abyss |    180 |    180 |      0 |     29 |      0 |   1 |  180.0 |
         Sewer |    306 |    306 |      0 |      0 |     87 |   1 |  306.0 |
               +--------+--------+--------+--------+--------+-----+--------+

Top non-repeatable levels by time:
     D:7: 1667 daAuts
     D:1: 1432 daAuts
     D:5: 1382 daAuts
     D:3: 1367 daAuts
     D:2: 1092 daAuts
     D:4: 1026 daAuts
     D:6: 805 daAuts
     D:8: 789 daAuts
     D:9: 414 daAuts
   Sewer: 306 daAuts
 Abyss:1: 180 daAuts
  Temple: 148 daAuts
